%YAML 1.1
%TAG !u! tag:unity3d.com,2011:
--- !u!29 &1
OcclusionCullingSettings:
  m_ObjectHideFlags: 0
  serializedVersion: 2
  m_OcclusionBakeSettings:
    smallestOccluder: 5
    smallestHole: 0.25
    backfaceThreshold: 100
  m_SceneGUID: 00000000000000000000000000000000
  m_OcclusionCullingData: {fileID: 0}
--- !u!104 &2
RenderSettings:
  m_ObjectHideFlags: 0
  serializedVersion: 9
  m_Fog: 0
  m_FogColor: {r: 0.5, g: 0.5, b: 0.5, a: 1}
  m_FogMode: 3
  m_FogDensity: 0.01
  m_LinearFogStart: 0
  m_LinearFogEnd: 300
  m_AmbientSkyColor: {r: 0.212, g: 0.227, b: 0.259, a: 1}
  m_AmbientEquatorColor: {r: 0.114, g: 0.125, b: 0.133, a: 1}
  m_AmbientGroundColor: {r: 0.047, g: 0.043, b: 0.035, a: 1}
  m_AmbientIntensity: 1
  m_AmbientMode: 0
  m_SubtractiveShadowColor: {r: 0.42, g: 0.478, b: 0.627, a: 1}
  m_SkyboxMaterial: {fileID: 10304, guid: 0000000000000000f000000000000000, type: 0}
  m_HaloStrength: 0.5
  m_FlareStrength: 1
  m_FlareFadeSpeed: 3
  m_HaloTexture: {fileID: 0}
  m_SpotCookie: {fileID: 10001, guid: 0000000000000000e000000000000000, type: 0}
  m_DefaultReflectionMode: 0
  m_DefaultReflectionResolution: 128
  m_ReflectionBounces: 1
  m_ReflectionIntensity: 1
  m_CustomReflection: {fileID: 0}
  m_Sun: {fileID: 0}
  m_IndirectSpecularColor: {r: 0, g: 0, b: 0, a: 1}
  m_UseRadianceAmbientProbe: 0
--- !u!157 &3
LightmapSettings:
  m_ObjectHideFlags: 0
  serializedVersion: 11
  m_GIWorkflowMode: 1
  m_GISettings:
    serializedVersion: 2
    m_BounceScale: 1
    m_IndirectOutputScale: 1
    m_AlbedoBoost: 1
    m_EnvironmentLightingMode: 0
    m_EnableBakedLightmaps: 1
    m_EnableRealtimeLightmaps: 0
  m_LightmapEditorSettings:
    serializedVersion: 12
    m_Resolution: 2
    m_BakeResolution: 40
    m_AtlasSize: 1024
    m_AO: 0
    m_AOMaxDistance: 1
    m_CompAOExponent: 1
    m_CompAOExponentDirect: 0
    m_ExtractAmbientOcclusion: 0
    m_Padding: 2
    m_LightmapParameters: {fileID: 0}
    m_LightmapsBakeMode: 1
    m_TextureCompression: 1
    m_FinalGather: 0
    m_FinalGatherFiltering: 1
    m_FinalGatherRayCount: 256
    m_ReflectionCompression: 2
    m_MixedBakeMode: 2
    m_BakeBackend: 1
    m_PVRSampling: 1
    m_PVRDirectSampleCount: 32
    m_PVRSampleCount: 512
    m_PVRBounces: 2
    m_PVREnvironmentSampleCount: 256
    m_PVREnvironmentReferencePointCount: 2048
    m_PVRFilteringMode: 1
    m_PVRDenoiserTypeDirect: 1
    m_PVRDenoiserTypeIndirect: 1
    m_PVRDenoiserTypeAO: 1
    m_PVRFilterTypeDirect: 0
    m_PVRFilterTypeIndirect: 0
    m_PVRFilterTypeAO: 0
    m_PVREnvironmentMIS: 1
    m_PVRCulling: 1
    m_PVRFilteringGaussRadiusDirect: 1
    m_PVRFilteringGaussRadiusIndirect: 5
    m_PVRFilteringGaussRadiusAO: 2
    m_PVRFilteringAtrousPositionSigmaDirect: 0.5
    m_PVRFilteringAtrousPositionSigmaIndirect: 2
    m_PVRFilteringAtrousPositionSigmaAO: 1
    m_ExportTrainingData: 0
    m_TrainingDataDestination: TrainingData
    m_LightProbeSampleCountMultiplier: 4
  m_LightingDataAsset: {fileID: 0}
  m_UseShadowmask: 1
--- !u!196 &4
NavMeshSettings:
  serializedVersion: 2
  m_ObjectHideFlags: 0
  m_BuildSettings:
    serializedVersion: 2
    agentTypeID: 0
    agentRadius: 0.5
    agentHeight: 2
    agentSlope: 45
    agentClimb: 0.4
    ledgeDropHeight: 0
    maxJumpAcrossDistance: 0
    minRegionArea: 2
    manualCellSize: 0
    cellSize: 0.16666667
    manualTileSize: 0
    tileSize: 256
    accuratePlacement: 0
    debug:
      m_Flags: 0
  m_NavMeshData: {fileID: 0}
--- !u!1001 &103523190
PrefabInstance:
  m_ObjectHideFlags: 0
  serializedVersion: 2
  m_Modification:
    m_TransformParent: {fileID: 0}
    m_Modifications:
    - target: {fileID: 1467628496961825428, guid: 58ea01330d076ec488f99a40dd7add0a,
        type: 3}
      propertyPath: levelID
      value: 21
      objectReference: {fileID: 0}
    - target: {fileID: 1467628496961825428, guid: 58ea01330d076ec488f99a40dd7add0a,
        type: 3}
      propertyPath: duckFor3Stars
      value: 2
      objectReference: {fileID: 0}
    - target: {fileID: 1467628496961825428, guid: 58ea01330d076ec488f99a40dd7add0a,
        type: 3}
      propertyPath: duckFor2Stars
      value: 1
      objectReference: {fileID: 0}
    - target: {fileID: 1537474074914745644, guid: 58ea01330d076ec488f99a40dd7add0a,
        type: 3}
      propertyPath: m_Name
      value: Ded
      objectReference: {fileID: 0}
    - target: {fileID: 1537474074914745651, guid: 58ea01330d076ec488f99a40dd7add0a,
        type: 3}
      propertyPath: m_LocalPosition.x
      value: -16.07
      objectReference: {fileID: 0}
    - target: {fileID: 1537474074914745651, guid: 58ea01330d076ec488f99a40dd7add0a,
        type: 3}
      propertyPath: m_LocalPosition.y
      value: -0.0006578895
      objectReference: {fileID: 0}
    - target: {fileID: 1537474074914745651, guid: 58ea01330d076ec488f99a40dd7add0a,
        type: 3}
      propertyPath: m_LocalPosition.z
      value: 1.88943
      objectReference: {fileID: 0}
    - target: {fileID: 1537474074914745651, guid: 58ea01330d076ec488f99a40dd7add0a,
        type: 3}
      propertyPath: m_LocalRotation.x
      value: 0
      objectReference: {fileID: 0}
    - target: {fileID: 1537474074914745651, guid: 58ea01330d076ec488f99a40dd7add0a,
        type: 3}
      propertyPath: m_LocalRotation.y
      value: 0
      objectReference: {fileID: 0}
    - target: {fileID: 1537474074914745651, guid: 58ea01330d076ec488f99a40dd7add0a,
        type: 3}
      propertyPath: m_LocalRotation.z
      value: 0
      objectReference: {fileID: 0}
    - target: {fileID: 1537474074914745651, guid: 58ea01330d076ec488f99a40dd7add0a,
        type: 3}
      propertyPath: m_LocalRotation.w
      value: 1
      objectReference: {fileID: 0}
    - target: {fileID: 1537474074914745651, guid: 58ea01330d076ec488f99a40dd7add0a,
        type: 3}
      propertyPath: m_RootOrder
      value: 6
      objectReference: {fileID: 0}
    - target: {fileID: 1537474074914745651, guid: 58ea01330d076ec488f99a40dd7add0a,
        type: 3}
      propertyPath: m_LocalEulerAnglesHint.x
      value: 0
      objectReference: {fileID: 0}
    - target: {fileID: 1537474074914745651, guid: 58ea01330d076ec488f99a40dd7add0a,
        type: 3}
      propertyPath: m_LocalEulerAnglesHint.y
      value: 0
      objectReference: {fileID: 0}
    - target: {fileID: 1537474074914745651, guid: 58ea01330d076ec488f99a40dd7add0a,
        type: 3}
      propertyPath: m_LocalEulerAnglesHint.z
      value: 0
      objectReference: {fileID: 0}
    m_RemovedComponents: []
  m_SourcePrefab: {fileID: 100100000, guid: 58ea01330d076ec488f99a40dd7add0a, type: 3}
--- !u!1001 &119853920
PrefabInstance:
  m_ObjectHideFlags: 0
  serializedVersion: 2
  m_Modification:
    m_TransformParent: {fileID: 0}
    m_Modifications:
    - target: {fileID: 4919918841772766201, guid: cc2cce5e684fc39469567938844a585b,
        type: 3}
      propertyPath: m_Name
      value: bomb (2)
      objectReference: {fileID: 0}
    - target: {fileID: 8222528135632716266, guid: cc2cce5e684fc39469567938844a585b,
        type: 3}
      propertyPath: m_LocalPosition.x
      value: -8.25
      objectReference: {fileID: 0}
    - target: {fileID: 8222528135632716266, guid: cc2cce5e684fc39469567938844a585b,
        type: 3}
      propertyPath: m_LocalPosition.y
      value: -0
      objectReference: {fileID: 0}
    - target: {fileID: 8222528135632716266, guid: cc2cce5e684fc39469567938844a585b,
        type: 3}
      propertyPath: m_LocalPosition.z
      value: 10
      objectReference: {fileID: 0}
    - target: {fileID: 8222528135632716266, guid: cc2cce5e684fc39469567938844a585b,
        type: 3}
      propertyPath: m_LocalRotation.x
      value: -0.7071068
      objectReference: {fileID: 0}
    - target: {fileID: 8222528135632716266, guid: cc2cce5e684fc39469567938844a585b,
        type: 3}
      propertyPath: m_LocalRotation.y
      value: -0
      objectReference: {fileID: 0}
    - target: {fileID: 8222528135632716266, guid: cc2cce5e684fc39469567938844a585b,
        type: 3}
      propertyPath: m_LocalRotation.z
      value: -0
      objectReference: {fileID: 0}
    - target: {fileID: 8222528135632716266, guid: cc2cce5e684fc39469567938844a585b,
        type: 3}
      propertyPath: m_LocalRotation.w
      value: 0.7071067
      objectReference: {fileID: 0}
    - target: {fileID: 8222528135632716266, guid: cc2cce5e684fc39469567938844a585b,
        type: 3}
      propertyPath: m_RootOrder
      value: 13
      objectReference: {fileID: 0}
    - target: {fileID: 8222528135632716266, guid: cc2cce5e684fc39469567938844a585b,
        type: 3}
      propertyPath: m_LocalEulerAnglesHint.x
      value: 0
      objectReference: {fileID: 0}
    - target: {fileID: 8222528135632716266, guid: cc2cce5e684fc39469567938844a585b,
        type: 3}
      propertyPath: m_LocalEulerAnglesHint.y
      value: 0
      objectReference: {fileID: 0}
    - target: {fileID: 8222528135632716266, guid: cc2cce5e684fc39469567938844a585b,
        type: 3}
      propertyPath: m_LocalEulerAnglesHint.z
      value: 0
      objectReference: {fileID: 0}
    m_RemovedComponents: []
  m_SourcePrefab: {fileID: 100100000, guid: cc2cce5e684fc39469567938844a585b, type: 3}
--- !u!1001 &122996081
PrefabInstance:
  m_ObjectHideFlags: 0
  serializedVersion: 2
  m_Modification:
    m_TransformParent: {fileID: 0}
    m_Modifications:
    - target: {fileID: 2501648274743404914, guid: 2a53eec5cea55ed4a941e5bdad2339a6,
        type: 3}
      propertyPath: m_LocalPosition.x
      value: -3.72
      objectReference: {fileID: 0}
    - target: {fileID: 2501648274743404914, guid: 2a53eec5cea55ed4a941e5bdad2339a6,
        type: 3}
      propertyPath: m_LocalPosition.y
      value: -0.004909992
      objectReference: {fileID: 0}
    - target: {fileID: 2501648274743404914, guid: 2a53eec5cea55ed4a941e5bdad2339a6,
        type: 3}
      propertyPath: m_LocalPosition.z
      value: 15.77
      objectReference: {fileID: 0}
    - target: {fileID: 2501648274743404914, guid: 2a53eec5cea55ed4a941e5bdad2339a6,
        type: 3}
      propertyPath: m_LocalRotation.x
      value: 0.4998779
      objectReference: {fileID: 0}
    - target: {fileID: 2501648274743404914, guid: 2a53eec5cea55ed4a941e5bdad2339a6,
        type: 3}
      propertyPath: m_LocalRotation.y
      value: 0.4998779
      objectReference: {fileID: 0}
    - target: {fileID: 2501648274743404914, guid: 2a53eec5cea55ed4a941e5bdad2339a6,
        type: 3}
      propertyPath: m_LocalRotation.z
      value: 0.5001221
      objectReference: {fileID: 0}
    - target: {fileID: 2501648274743404914, guid: 2a53eec5cea55ed4a941e5bdad2339a6,
        type: 3}
      propertyPath: m_LocalRotation.w
      value: -0.5001221
      objectReference: {fileID: 0}
    - target: {fileID: 2501648274743404914, guid: 2a53eec5cea55ed4a941e5bdad2339a6,
        type: 3}
      propertyPath: m_RootOrder
      value: 7
      objectReference: {fileID: 0}
    - target: {fileID: 2501648274743404914, guid: 2a53eec5cea55ed4a941e5bdad2339a6,
        type: 3}
      propertyPath: m_LocalEulerAnglesHint.x
      value: -90.02799
      objectReference: {fileID: 0}
    - target: {fileID: 2501648274743404914, guid: 2a53eec5cea55ed4a941e5bdad2339a6,
        type: 3}
      propertyPath: m_LocalEulerAnglesHint.y
      value: 180
      objectReference: {fileID: 0}
    - target: {fileID: 2501648274743404914, guid: 2a53eec5cea55ed4a941e5bdad2339a6,
        type: 3}
      propertyPath: m_LocalEulerAnglesHint.z
      value: 90
      objectReference: {fileID: 0}
    - target: {fileID: 2501648275621246493, guid: 2a53eec5cea55ed4a941e5bdad2339a6,
        type: 3}
      propertyPath: m_Name
      value: BedPrefab
      objectReference: {fileID: 0}
    m_RemovedComponents: []
  m_SourcePrefab: {fileID: 100100000, guid: 2a53eec5cea55ed4a941e5bdad2339a6, type: 3}
--- !u!4 &124955032 stripped
Transform:
  m_CorrespondingSourceObject: {fileID: 4400223456553587553, guid: 615b6557d8f1ec84080a924ad04fdc7f,
    type: 3}
  m_PrefabInstance: {fileID: 1941010326}
  m_PrefabAsset: {fileID: 0}
--- !u!1 &178715129
GameObject:
  m_ObjectHideFlags: 0
  m_CorrespondingSourceObject: {fileID: 0}
  m_PrefabInstance: {fileID: 1479948741}
  m_PrefabAsset: {fileID: 0}
  serializedVersion: 6
  m_Component:
  - component: {fileID: 178715130}
  m_Layer: 0
  m_Name: picture4 (Missing Prefab)
  m_TagString: Untagged
  m_Icon: {fileID: 0}
  m_NavMeshLayer: 0
  m_StaticEditorFlags: 0
  m_IsActive: 1
--- !u!4 &178715130
Transform:
  m_ObjectHideFlags: 0
  m_CorrespondingSourceObject: {fileID: 0}
  m_PrefabInstance: {fileID: 1479948741}
  m_PrefabAsset: {fileID: 0}
  m_GameObject: {fileID: 178715129}
  m_LocalRotation: {x: 0, y: 0, z: 0, w: 1}
  m_LocalPosition: {x: 0, y: 0, z: 0}
  m_LocalScale: {x: 1, y: 1, z: 1}
  m_Children: []
  m_Father: {fileID: 124955032}
  m_RootOrder: 1
  m_LocalEulerAnglesHint: {x: 0, y: 0, z: 0}
--- !u!1001 &184175816
PrefabInstance:
  m_ObjectHideFlags: 0
  serializedVersion: 2
  m_Modification:
    m_TransformParent: {fileID: 124955032}
    m_Modifications:
    - target: {fileID: 1867638263802141739, guid: a5e273bcf041b424080f261d5239754d,
        type: 3}
      propertyPath: m_Name
      value: picture6
      objectReference: {fileID: 0}
    - target: {fileID: 3436377099824033336, guid: a5e273bcf041b424080f261d5239754d,
        type: 3}
      propertyPath: m_LocalPosition.x
      value: 0.008999731
      objectReference: {fileID: 0}
    - target: {fileID: 3436377099824033336, guid: a5e273bcf041b424080f261d5239754d,
        type: 3}
      propertyPath: m_LocalPosition.y
      value: -0.0058647874
      objectReference: {fileID: 0}
    - target: {fileID: 3436377099824033336, guid: a5e273bcf041b424080f261d5239754d,
        type: 3}
      propertyPath: m_LocalPosition.z
      value: 0.000997045
      objectReference: {fileID: 0}
    - target: {fileID: 3436377099824033336, guid: a5e273bcf041b424080f261d5239754d,
        type: 3}
      propertyPath: m_LocalRotation.x
      value: -0
      objectReference: {fileID: 0}
    - target: {fileID: 3436377099824033336, guid: a5e273bcf041b424080f261d5239754d,
        type: 3}
      propertyPath: m_LocalRotation.y
      value: -0
      objectReference: {fileID: 0}
    - target: {fileID: 3436377099824033336, guid: a5e273bcf041b424080f261d5239754d,
        type: 3}
      propertyPath: m_LocalRotation.z
      value: -0
      objectReference: {fileID: 0}
    - target: {fileID: 3436377099824033336, guid: a5e273bcf041b424080f261d5239754d,
        type: 3}
      propertyPath: m_LocalRotation.w
      value: 1
      objectReference: {fileID: 0}
    - target: {fileID: 3436377099824033336, guid: a5e273bcf041b424080f261d5239754d,
        type: 3}
      propertyPath: m_RootOrder
      value: 0
      objectReference: {fileID: 0}
    - target: {fileID: 3436377099824033336, guid: a5e273bcf041b424080f261d5239754d,
        type: 3}
      propertyPath: m_LocalEulerAnglesHint.x
      value: -89.98
      objectReference: {fileID: 0}
    - target: {fileID: 3436377099824033336, guid: a5e273bcf041b424080f261d5239754d,
        type: 3}
      propertyPath: m_LocalEulerAnglesHint.y
      value: 180
      objectReference: {fileID: 0}
    - target: {fileID: 3436377099824033336, guid: a5e273bcf041b424080f261d5239754d,
        type: 3}
      propertyPath: m_LocalEulerAnglesHint.z
      value: 0
      objectReference: {fileID: 0}
    - target: {fileID: 3436377099824033336, guid: a5e273bcf041b424080f261d5239754d,
        type: 3}
      propertyPath: m_LocalScale.x
      value: 1.5737146
      objectReference: {fileID: 0}
    - target: {fileID: 3436377099824033336, guid: a5e273bcf041b424080f261d5239754d,
        type: 3}
      propertyPath: m_LocalScale.y
      value: 0.08675913
      objectReference: {fileID: 0}
    - target: {fileID: 3436377099824033336, guid: a5e273bcf041b424080f261d5239754d,
        type: 3}
      propertyPath: m_LocalScale.z
      value: 1
      objectReference: {fileID: 0}
    m_RemovedComponents: []
  m_SourcePrefab: {fileID: 100100000, guid: a5e273bcf041b424080f261d5239754d, type: 3}
--- !u!1 &313620625
GameObject:
  m_ObjectHideFlags: 0
  m_CorrespondingSourceObject: {fileID: 0}
  m_PrefabInstance: {fileID: 0}
  m_PrefabAsset: {fileID: 0}
  serializedVersion: 6
  m_Component:
  - component: {fileID: 313620628}
  - component: {fileID: 313620627}
  - component: {fileID: 313620626}
  m_Layer: 0
  m_Name: EventSystem
  m_TagString: Untagged
  m_Icon: {fileID: 0}
  m_NavMeshLayer: 0
  m_StaticEditorFlags: 0
  m_IsActive: 1
--- !u!114 &313620626
MonoBehaviour:
  m_ObjectHideFlags: 0
  m_CorrespondingSourceObject: {fileID: 0}
  m_PrefabInstance: {fileID: 0}
  m_PrefabAsset: {fileID: 0}
  m_GameObject: {fileID: 313620625}
  m_Enabled: 1
  m_EditorHideFlags: 0
  m_Script: {fileID: 11500000, guid: 4f231c4fb786f3946a6b90b886c48677, type: 3}
  m_Name: 
  m_EditorClassIdentifier: 
  m_HorizontalAxis: Horizontal
  m_VerticalAxis: Vertical
  m_SubmitButton: Submit
  m_CancelButton: Cancel
  m_InputActionsPerSecond: 10
  m_RepeatDelay: 0.5
  m_ForceModuleActive: 0
--- !u!114 &313620627
MonoBehaviour:
  m_ObjectHideFlags: 0
  m_CorrespondingSourceObject: {fileID: 0}
  m_PrefabInstance: {fileID: 0}
  m_PrefabAsset: {fileID: 0}
  m_GameObject: {fileID: 313620625}
  m_Enabled: 1
  m_EditorHideFlags: 0
  m_Script: {fileID: 11500000, guid: 76c392e42b5098c458856cdf6ecaaaa1, type: 3}
  m_Name: 
  m_EditorClassIdentifier: 
  m_FirstSelected: {fileID: 0}
  m_sendNavigationEvents: 1
  m_DragThreshold: 10
--- !u!4 &313620628
Transform:
  m_ObjectHideFlags: 0
  m_CorrespondingSourceObject: {fileID: 0}
  m_PrefabInstance: {fileID: 0}
  m_PrefabAsset: {fileID: 0}
  m_GameObject: {fileID: 313620625}
  m_LocalRotation: {x: 0, y: 0, z: 0, w: 1}
  m_LocalPosition: {x: 0, y: 0, z: 0}
  m_LocalScale: {x: 1, y: 1, z: 1}
  m_Children: []
  m_Father: {fileID: 0}
  m_RootOrder: 11
  m_LocalEulerAnglesHint: {x: 0, y: 0, z: 0}
--- !u!1001 &440485830
PrefabInstance:
  m_ObjectHideFlags: 0
  serializedVersion: 2
  m_Modification:
    m_TransformParent: {fileID: 0}
    m_Modifications:
    - target: {fileID: 1249517033852489412, guid: e874a824cd0029f4a8d9f5dd0f891ed0,
        type: 3}
      propertyPath: m_Name
      value: smol lamp
      objectReference: {fileID: 0}
    - target: {fileID: 2813752268737035479, guid: e874a824cd0029f4a8d9f5dd0f891ed0,
        type: 3}
      propertyPath: m_LocalPosition.x
      value: -16.749805
      objectReference: {fileID: 0}
    - target: {fileID: 2813752268737035479, guid: e874a824cd0029f4a8d9f5dd0f891ed0,
        type: 3}
      propertyPath: m_LocalPosition.y
      value: 1.83
      objectReference: {fileID: 0}
    - target: {fileID: 2813752268737035479, guid: e874a824cd0029f4a8d9f5dd0f891ed0,
        type: 3}
      propertyPath: m_LocalPosition.z
      value: 16.239775
      objectReference: {fileID: 0}
    - target: {fileID: 2813752268737035479, guid: e874a824cd0029f4a8d9f5dd0f891ed0,
        type: 3}
      propertyPath: m_LocalRotation.x
      value: -0.7071068
      objectReference: {fileID: 0}
    - target: {fileID: 2813752268737035479, guid: e874a824cd0029f4a8d9f5dd0f891ed0,
        type: 3}
      propertyPath: m_LocalRotation.y
      value: 0
      objectReference: {fileID: 0}
    - target: {fileID: 2813752268737035479, guid: e874a824cd0029f4a8d9f5dd0f891ed0,
        type: 3}
      propertyPath: m_LocalRotation.z
      value: -0
      objectReference: {fileID: 0}
    - target: {fileID: 2813752268737035479, guid: e874a824cd0029f4a8d9f5dd0f891ed0,
        type: 3}
      propertyPath: m_LocalRotation.w
      value: 0.7071067
      objectReference: {fileID: 0}
    - target: {fileID: 2813752268737035479, guid: e874a824cd0029f4a8d9f5dd0f891ed0,
        type: 3}
      propertyPath: m_RootOrder
      value: 3
      objectReference: {fileID: 0}
    - target: {fileID: 2813752268737035479, guid: e874a824cd0029f4a8d9f5dd0f891ed0,
        type: 3}
      propertyPath: m_LocalEulerAnglesHint.x
      value: 0
      objectReference: {fileID: 0}
    - target: {fileID: 2813752268737035479, guid: e874a824cd0029f4a8d9f5dd0f891ed0,
        type: 3}
      propertyPath: m_LocalEulerAnglesHint.y
      value: 0
      objectReference: {fileID: 0}
    - target: {fileID: 2813752268737035479, guid: e874a824cd0029f4a8d9f5dd0f891ed0,
        type: 3}
      propertyPath: m_LocalEulerAnglesHint.z
      value: 0
      objectReference: {fileID: 0}
    m_RemovedComponents: []
  m_SourcePrefab: {fileID: 100100000, guid: e874a824cd0029f4a8d9f5dd0f891ed0, type: 3}
--- !u!1001 &557335599
PrefabInstance:
  m_ObjectHideFlags: 0
  serializedVersion: 2
  m_Modification:
    m_TransformParent: {fileID: 0}
    m_Modifications:
    - target: {fileID: 5072790891961447580, guid: 0538baa8de21e0a4a9683292b99fc56f,
        type: 3}
      propertyPath: m_LocalPosition.x
      value: -15.195394
      objectReference: {fileID: 0}
    - target: {fileID: 5072790891961447580, guid: 0538baa8de21e0a4a9683292b99fc56f,
        type: 3}
      propertyPath: m_LocalPosition.y
      value: -0.007476097
      objectReference: {fileID: 0}
    - target: {fileID: 5072790891961447580, guid: 0538baa8de21e0a4a9683292b99fc56f,
        type: 3}
      propertyPath: m_LocalPosition.z
      value: 13.57
      objectReference: {fileID: 0}
    - target: {fileID: 5072790891961447580, guid: 0538baa8de21e0a4a9683292b99fc56f,
        type: 3}
      propertyPath: m_LocalRotation.x
      value: -0.7071068
      objectReference: {fileID: 0}
    - target: {fileID: 5072790891961447580, guid: 0538baa8de21e0a4a9683292b99fc56f,
        type: 3}
      propertyPath: m_LocalRotation.y
      value: 0
      objectReference: {fileID: 0}
    - target: {fileID: 5072790891961447580, guid: 0538baa8de21e0a4a9683292b99fc56f,
        type: 3}
      propertyPath: m_LocalRotation.z
      value: -0
      objectReference: {fileID: 0}
    - target: {fileID: 5072790891961447580, guid: 0538baa8de21e0a4a9683292b99fc56f,
        type: 3}
      propertyPath: m_LocalRotation.w
      value: 0.7071067
      objectReference: {fileID: 0}
    - target: {fileID: 5072790891961447580, guid: 0538baa8de21e0a4a9683292b99fc56f,
        type: 3}
      propertyPath: m_RootOrder
      value: 5
      objectReference: {fileID: 0}
    - target: {fileID: 5072790891961447580, guid: 0538baa8de21e0a4a9683292b99fc56f,
        type: 3}
      propertyPath: m_LocalEulerAnglesHint.x
      value: 0
      objectReference: {fileID: 0}
    - target: {fileID: 5072790891961447580, guid: 0538baa8de21e0a4a9683292b99fc56f,
        type: 3}
      propertyPath: m_LocalEulerAnglesHint.y
      value: 0
      objectReference: {fileID: 0}
    - target: {fileID: 5072790891961447580, guid: 0538baa8de21e0a4a9683292b99fc56f,
        type: 3}
      propertyPath: m_LocalEulerAnglesHint.z
      value: 0
      objectReference: {fileID: 0}
    - target: {fileID: 8087749872668903055, guid: 0538baa8de21e0a4a9683292b99fc56f,
        type: 3}
      propertyPath: m_Name
      value: desk
      objectReference: {fileID: 0}
    - target: {fileID: 8963035277325633306, guid: 0538baa8de21e0a4a9683292b99fc56f,
        type: 3}
      propertyPath: m_LocalPosition.x
      value: 0
      objectReference: {fileID: 0}
    - target: {fileID: 8963035277325633306, guid: 0538baa8de21e0a4a9683292b99fc56f,
        type: 3}
      propertyPath: m_LocalRotation.x
      value: 0
      objectReference: {fileID: 0}
    - target: {fileID: 8963035277325633306, guid: 0538baa8de21e0a4a9683292b99fc56f,
        type: 3}
      propertyPath: m_LocalRotation.y
      value: 0
      objectReference: {fileID: 0}
    - target: {fileID: 8963035277325633306, guid: 0538baa8de21e0a4a9683292b99fc56f,
        type: 3}
      propertyPath: m_LocalRotation.z
      value: 0
      objectReference: {fileID: 0}
    - target: {fileID: 8963035277325633306, guid: 0538baa8de21e0a4a9683292b99fc56f,
        type: 3}
      propertyPath: m_LocalRotation.w
      value: 1
      objectReference: {fileID: 0}
    - target: {fileID: 8963035277325633306, guid: 0538baa8de21e0a4a9683292b99fc56f,
        type: 3}
      propertyPath: m_LocalEulerAnglesHint.x
      value: 0
      objectReference: {fileID: 0}
    - target: {fileID: 8963035277325633306, guid: 0538baa8de21e0a4a9683292b99fc56f,
        type: 3}
      propertyPath: m_LocalEulerAnglesHint.z
      value: 0
      objectReference: {fileID: 0}
    - target: {fileID: 8963035277325633306, guid: 0538baa8de21e0a4a9683292b99fc56f,
        type: 3}
      propertyPath: m_LocalPosition.y
      value: -0.0231
      objectReference: {fileID: 0}
    - target: {fileID: 8963035277325633306, guid: 0538baa8de21e0a4a9683292b99fc56f,
        type: 3}
      propertyPath: m_LocalPosition.z
      value: -0
      objectReference: {fileID: 0}
    m_RemovedComponents: []
  m_SourcePrefab: {fileID: 100100000, guid: 0538baa8de21e0a4a9683292b99fc56f, type: 3}
--- !u!1 &1155516290
GameObject:
  m_ObjectHideFlags: 0
  m_CorrespondingSourceObject: {fileID: 0}
  m_PrefabInstance: {fileID: 0}
  m_PrefabAsset: {fileID: 0}
  serializedVersion: 6
  m_Component:
  - component: {fileID: 1155516292}
  - component: {fileID: 1155516291}
  m_Layer: 0
  m_Name: Directional Light
  m_TagString: Untagged
  m_Icon: {fileID: 0}
  m_NavMeshLayer: 0
  m_StaticEditorFlags: 0
  m_IsActive: 1
--- !u!108 &1155516291
Light:
  m_ObjectHideFlags: 0
  m_CorrespondingSourceObject: {fileID: 0}
  m_PrefabInstance: {fileID: 0}
  m_PrefabAsset: {fileID: 0}
  m_GameObject: {fileID: 1155516290}
  m_Enabled: 1
  serializedVersion: 10
  m_Type: 1
  m_Shape: 0
  m_Color: {r: 1, g: 0.95686275, b: 0.8392157, a: 1}
  m_Intensity: 1
  m_Range: 10
  m_SpotAngle: 30
  m_InnerSpotAngle: 21.80208
  m_CookieSize: 10
  m_Shadows:
    m_Type: 2
    m_Resolution: -1
    m_CustomResolution: -1
    m_Strength: 1
    m_Bias: 0.05
    m_NormalBias: 0.4
    m_NearPlane: 0.2
    m_CullingMatrixOverride:
      e00: 1
      e01: 0
      e02: 0
      e03: 0
      e10: 0
      e11: 1
      e12: 0
      e13: 0
      e20: 0
      e21: 0
      e22: 1
      e23: 0
      e30: 0
      e31: 0
      e32: 0
      e33: 1
    m_UseCullingMatrixOverride: 0
  m_Cookie: {fileID: 0}
  m_DrawHalo: 0
  m_Flare: {fileID: 0}
  m_RenderMode: 0
  m_CullingMask:
    serializedVersion: 2
    m_Bits: 4294967295
  m_RenderingLayerMask: 1
  m_Lightmapping: 4
  m_LightShadowCasterMode: 0
  m_AreaSize: {x: 1, y: 1}
  m_BounceIntensity: 1
  m_ColorTemperature: 6570
  m_UseColorTemperature: 0
  m_BoundingSphereOverride: {x: 0, y: 0, z: 0, w: 0}
  m_UseBoundingSphereOverride: 0
  m_ShadowRadius: 0
  m_ShadowAngle: 0
--- !u!4 &1155516292
Transform:
  m_ObjectHideFlags: 0
  m_CorrespondingSourceObject: {fileID: 0}
  m_PrefabInstance: {fileID: 0}
  m_PrefabAsset: {fileID: 0}
  m_GameObject: {fileID: 1155516290}
  m_LocalRotation: {x: 0.40821788, y: -0.23456968, z: 0.10938163, w: 0.8754261}
  m_LocalPosition: {x: 0, y: 3, z: 0}
  m_LocalScale: {x: 1, y: 1, z: 1}
  m_Children: []
  m_Father: {fileID: 0}
  m_RootOrder: 0
  m_LocalEulerAnglesHint: {x: 50, y: -30, z: 0}
--- !u!1001 &1479948741
PrefabInstance:
  m_ObjectHideFlags: 0
  serializedVersion: 2
  m_Modification:
    m_TransformParent: {fileID: 124955032}
    m_Modifications:
    - target: {fileID: 819748238118159692, guid: 32b0ec433e6c9d24b954fba9b1db35c5,
        type: 3}
      propertyPath: m_Name
      value: picture4
      objectReference: {fileID: 0}
    - target: {fileID: 4412135056200431455, guid: 32b0ec433e6c9d24b954fba9b1db35c5,
        type: 3}
      propertyPath: m_LocalPosition.x
      value: 0.03345646
      objectReference: {fileID: 0}
    - target: {fileID: 4412135056200431455, guid: 32b0ec433e6c9d24b954fba9b1db35c5,
        type: 3}
      propertyPath: m_LocalPosition.y
      value: -0.005869423
      objectReference: {fileID: 0}
    - target: {fileID: 4412135056200431455, guid: 32b0ec433e6c9d24b954fba9b1db35c5,
        type: 3}
      propertyPath: m_LocalPosition.z
      value: 0.010997047
      objectReference: {fileID: 0}
    - target: {fileID: 4412135056200431455, guid: 32b0ec433e6c9d24b954fba9b1db35c5,
        type: 3}
      propertyPath: m_LocalRotation.x
      value: -0
      objectReference: {fileID: 0}
    - target: {fileID: 4412135056200431455, guid: 32b0ec433e6c9d24b954fba9b1db35c5,
        type: 3}
      propertyPath: m_LocalRotation.y
      value: -0
      objectReference: {fileID: 0}
    - target: {fileID: 4412135056200431455, guid: 32b0ec433e6c9d24b954fba9b1db35c5,
        type: 3}
      propertyPath: m_LocalRotation.z
      value: -0
      objectReference: {fileID: 0}
    - target: {fileID: 4412135056200431455, guid: 32b0ec433e6c9d24b954fba9b1db35c5,
        type: 3}
      propertyPath: m_LocalRotation.w
      value: 1
      objectReference: {fileID: 0}
    - target: {fileID: 4412135056200431455, guid: 32b0ec433e6c9d24b954fba9b1db35c5,
        type: 3}
      propertyPath: m_RootOrder
      value: 1
      objectReference: {fileID: 0}
    - target: {fileID: 4412135056200431455, guid: 32b0ec433e6c9d24b954fba9b1db35c5,
        type: 3}
      propertyPath: m_LocalEulerAnglesHint.x
      value: -89.98
      objectReference: {fileID: 0}
    - target: {fileID: 4412135056200431455, guid: 32b0ec433e6c9d24b954fba9b1db35c5,
        type: 3}
      propertyPath: m_LocalEulerAnglesHint.y
      value: 180
      objectReference: {fileID: 0}
    - target: {fileID: 4412135056200431455, guid: 32b0ec433e6c9d24b954fba9b1db35c5,
        type: 3}
      propertyPath: m_LocalEulerAnglesHint.z
      value: 0
      objectReference: {fileID: 0}
    - target: {fileID: 4412135056200431455, guid: 32b0ec433e6c9d24b954fba9b1db35c5,
        type: 3}
      propertyPath: m_LocalScale.x
      value: 1.5737146
      objectReference: {fileID: 0}
    - target: {fileID: 4412135056200431455, guid: 32b0ec433e6c9d24b954fba9b1db35c5,
        type: 3}
      propertyPath: m_LocalScale.y
      value: 0.08675913
      objectReference: {fileID: 0}
    - target: {fileID: 4412135056200431455, guid: 32b0ec433e6c9d24b954fba9b1db35c5,
        type: 3}
      propertyPath: m_LocalScale.z
      value: 1
      objectReference: {fileID: 0}
    m_RemovedComponents: []
  m_SourcePrefab: {fileID: 100100000, guid: 32b0ec433e6c9d24b954fba9b1db35c5, type: 3}
--- !u!1001 &1646210312
PrefabInstance:
  m_ObjectHideFlags: 0
  serializedVersion: 2
  m_Modification:
    m_TransformParent: {fileID: 0}
    m_Modifications:
    - target: {fileID: 6575076082621081995, guid: 614f9f78fdc33c2429b24b1c7c2e1c6c,
        type: 3}
      propertyPath: m_Name
      value: GameplayCanvas
      objectReference: {fileID: 0}
    - target: {fileID: 6575076082621081999, guid: 614f9f78fdc33c2429b24b1c7c2e1c6c,
        type: 3}
      propertyPath: m_LocalPosition.x
      value: 0
      objectReference: {fileID: 0}
    - target: {fileID: 6575076082621081999, guid: 614f9f78fdc33c2429b24b1c7c2e1c6c,
        type: 3}
      propertyPath: m_LocalPosition.y
      value: 0
      objectReference: {fileID: 0}
    - target: {fileID: 6575076082621081999, guid: 614f9f78fdc33c2429b24b1c7c2e1c6c,
        type: 3}
      propertyPath: m_LocalPosition.z
      value: 0
      objectReference: {fileID: 0}
    - target: {fileID: 6575076082621081999, guid: 614f9f78fdc33c2429b24b1c7c2e1c6c,
        type: 3}
      propertyPath: m_LocalRotation.x
      value: 0
      objectReference: {fileID: 0}
    - target: {fileID: 6575076082621081999, guid: 614f9f78fdc33c2429b24b1c7c2e1c6c,
        type: 3}
      propertyPath: m_LocalRotation.y
      value: 0
      objectReference: {fileID: 0}
    - target: {fileID: 6575076082621081999, guid: 614f9f78fdc33c2429b24b1c7c2e1c6c,
        type: 3}
      propertyPath: m_LocalRotation.z
      value: 0
      objectReference: {fileID: 0}
    - target: {fileID: 6575076082621081999, guid: 614f9f78fdc33c2429b24b1c7c2e1c6c,
        type: 3}
      propertyPath: m_LocalRotation.w
      value: 1
      objectReference: {fileID: 0}
    - target: {fileID: 6575076082621081999, guid: 614f9f78fdc33c2429b24b1c7c2e1c6c,
        type: 3}
      propertyPath: m_RootOrder
      value: 14
      objectReference: {fileID: 0}
    - target: {fileID: 6575076082621081999, guid: 614f9f78fdc33c2429b24b1c7c2e1c6c,
        type: 3}
      propertyPath: m_LocalEulerAnglesHint.x
      value: 0
      objectReference: {fileID: 0}
    - target: {fileID: 6575076082621081999, guid: 614f9f78fdc33c2429b24b1c7c2e1c6c,
        type: 3}
      propertyPath: m_LocalEulerAnglesHint.y
      value: 0
      objectReference: {fileID: 0}
    - target: {fileID: 6575076082621081999, guid: 614f9f78fdc33c2429b24b1c7c2e1c6c,
        type: 3}
      propertyPath: m_LocalEulerAnglesHint.z
      value: 0
      objectReference: {fileID: 0}
    - target: {fileID: 6575076082621081999, guid: 614f9f78fdc33c2429b24b1c7c2e1c6c,
        type: 3}
      propertyPath: m_AnchoredPosition.x
      value: 0
      objectReference: {fileID: 0}
    - target: {fileID: 6575076082621081999, guid: 614f9f78fdc33c2429b24b1c7c2e1c6c,
        type: 3}
      propertyPath: m_AnchoredPosition.y
      value: 0
      objectReference: {fileID: 0}
    - target: {fileID: 6575076082621081999, guid: 614f9f78fdc33c2429b24b1c7c2e1c6c,
        type: 3}
      propertyPath: m_SizeDelta.x
      value: 0
      objectReference: {fileID: 0}
    - target: {fileID: 6575076082621081999, guid: 614f9f78fdc33c2429b24b1c7c2e1c6c,
        type: 3}
      propertyPath: m_SizeDelta.y
      value: 0
      objectReference: {fileID: 0}
    - target: {fileID: 6575076082621081999, guid: 614f9f78fdc33c2429b24b1c7c2e1c6c,
        type: 3}
      propertyPath: m_AnchorMin.x
      value: 0
      objectReference: {fileID: 0}
    - target: {fileID: 6575076082621081999, guid: 614f9f78fdc33c2429b24b1c7c2e1c6c,
        type: 3}
      propertyPath: m_AnchorMin.y
      value: 0
      objectReference: {fileID: 0}
    - target: {fileID: 6575076082621081999, guid: 614f9f78fdc33c2429b24b1c7c2e1c6c,
        type: 3}
      propertyPath: m_AnchorMax.x
      value: 0
      objectReference: {fileID: 0}
    - target: {fileID: 6575076082621081999, guid: 614f9f78fdc33c2429b24b1c7c2e1c6c,
        type: 3}
      propertyPath: m_AnchorMax.y
      value: 0
      objectReference: {fileID: 0}
    - target: {fileID: 6575076082621081999, guid: 614f9f78fdc33c2429b24b1c7c2e1c6c,
        type: 3}
      propertyPath: m_Pivot.x
      value: 0
      objectReference: {fileID: 0}
    - target: {fileID: 6575076082621081999, guid: 614f9f78fdc33c2429b24b1c7c2e1c6c,
        type: 3}
      propertyPath: m_Pivot.y
      value: 0
      objectReference: {fileID: 0}
    m_RemovedComponents: []
  m_SourcePrefab: {fileID: 100100000, guid: 614f9f78fdc33c2429b24b1c7c2e1c6c, type: 3}
--- !u!1001 &1730190531
PrefabInstance:
  m_ObjectHideFlags: 0
  serializedVersion: 2
  m_Modification:
    m_TransformParent: {fileID: 0}
    m_Modifications:
    - target: {fileID: 8947478099798191856, guid: 39aea982ceca249428f6acc921b83283,
        type: 3}
      propertyPath: m_LocalPosition.x
      value: -8.9987
      objectReference: {fileID: 0}
    - target: {fileID: 8947478099798191856, guid: 39aea982ceca249428f6acc921b83283,
        type: 3}
      propertyPath: m_LocalPosition.y
      value: 0
      objectReference: {fileID: 0}
    - target: {fileID: 8947478099798191856, guid: 39aea982ceca249428f6acc921b83283,
        type: 3}
      propertyPath: m_LocalPosition.z
      value: 8.9987
      objectReference: {fileID: 0}
    - target: {fileID: 8947478099798191856, guid: 39aea982ceca249428f6acc921b83283,
        type: 3}
      propertyPath: m_LocalRotation.x
      value: 0
      objectReference: {fileID: 0}
    - target: {fileID: 8947478099798191856, guid: 39aea982ceca249428f6acc921b83283,
        type: 3}
      propertyPath: m_LocalRotation.y
      value: 0
      objectReference: {fileID: 0}
    - target: {fileID: 8947478099798191856, guid: 39aea982ceca249428f6acc921b83283,
        type: 3}
      propertyPath: m_LocalRotation.z
      value: 0
      objectReference: {fileID: 0}
    - target: {fileID: 8947478099798191856, guid: 39aea982ceca249428f6acc921b83283,
        type: 3}
      propertyPath: m_LocalRotation.w
      value: 1
      objectReference: {fileID: 0}
    - target: {fileID: 8947478099798191856, guid: 39aea982ceca249428f6acc921b83283,
        type: 3}
      propertyPath: m_RootOrder
      value: 8
      objectReference: {fileID: 0}
    - target: {fileID: 8947478099798191856, guid: 39aea982ceca249428f6acc921b83283,
        type: 3}
      propertyPath: m_LocalEulerAnglesHint.x
      value: 0
      objectReference: {fileID: 0}
    - target: {fileID: 8947478099798191856, guid: 39aea982ceca249428f6acc921b83283,
        type: 3}
      propertyPath: m_LocalEulerAnglesHint.y
      value: 0
      objectReference: {fileID: 0}
    - target: {fileID: 8947478099798191856, guid: 39aea982ceca249428f6acc921b83283,
        type: 3}
      propertyPath: m_LocalEulerAnglesHint.z
      value: 0
      objectReference: {fileID: 0}
    - target: {fileID: 8947478099798191858, guid: 39aea982ceca249428f6acc921b83283,
        type: 3}
      propertyPath: m_Name
      value: CameraRig
      objectReference: {fileID: 0}
    - target: {fileID: 8947478100137681489, guid: 39aea982ceca249428f6acc921b83283,
        type: 3}
      propertyPath: m_BackGroundColor.r
      value: 0.1882353
      objectReference: {fileID: 0}
    - target: {fileID: 8947478100137681489, guid: 39aea982ceca249428f6acc921b83283,
        type: 3}
      propertyPath: m_BackGroundColor.g
      value: 0.2
      objectReference: {fileID: 0}
    - target: {fileID: 8947478100137681489, guid: 39aea982ceca249428f6acc921b83283,
        type: 3}
      propertyPath: m_BackGroundColor.b
      value: 0.21568628
      objectReference: {fileID: 0}
    m_RemovedComponents: []
  m_SourcePrefab: {fileID: 100100000, guid: 39aea982ceca249428f6acc921b83283, type: 3}
--- !u!1001 &1804685993
PrefabInstance:
  m_ObjectHideFlags: 0
  serializedVersion: 2
  m_Modification:
    m_TransformParent: {fileID: 0}
    m_Modifications:
    - target: {fileID: 4669370384933962476, guid: d74b5f757b6fe224db2aaea856c2f512,
        type: 3}
      propertyPath: m_Name
      value: floor
      objectReference: {fileID: 0}
    - target: {fileID: 8545499447711314175, guid: d74b5f757b6fe224db2aaea856c2f512,
        type: 3}
      propertyPath: m_LocalPosition.x
      value: -0.000026703
      objectReference: {fileID: 0}
    - target: {fileID: 8545499447711314175, guid: d74b5f757b6fe224db2aaea856c2f512,
        type: 3}
      propertyPath: m_LocalPosition.y
      value: -0.0074787
      objectReference: {fileID: 0}
    - target: {fileID: 8545499447711314175, guid: d74b5f757b6fe224db2aaea856c2f512,
        type: 3}
      propertyPath: m_LocalPosition.z
      value: 0.00030053
      objectReference: {fileID: 0}
    - target: {fileID: 8545499447711314175, guid: d74b5f757b6fe224db2aaea856c2f512,
        type: 3}
      propertyPath: m_LocalRotation.x
      value: -0.7071068
      objectReference: {fileID: 0}
    - target: {fileID: 8545499447711314175, guid: d74b5f757b6fe224db2aaea856c2f512,
        type: 3}
      propertyPath: m_LocalRotation.y
      value: 0
      objectReference: {fileID: 0}
    - target: {fileID: 8545499447711314175, guid: d74b5f757b6fe224db2aaea856c2f512,
        type: 3}
      propertyPath: m_LocalRotation.z
      value: -0
      objectReference: {fileID: 0}
    - target: {fileID: 8545499447711314175, guid: d74b5f757b6fe224db2aaea856c2f512,
        type: 3}
      propertyPath: m_LocalRotation.w
      value: 0.7071067
      objectReference: {fileID: 0}
    - target: {fileID: 8545499447711314175, guid: d74b5f757b6fe224db2aaea856c2f512,
        type: 3}
      propertyPath: m_RootOrder
      value: 4
      objectReference: {fileID: 0}
    - target: {fileID: 8545499447711314175, guid: d74b5f757b6fe224db2aaea856c2f512,
        type: 3}
      propertyPath: m_LocalEulerAnglesHint.x
      value: 0
      objectReference: {fileID: 0}
    - target: {fileID: 8545499447711314175, guid: d74b5f757b6fe224db2aaea856c2f512,
        type: 3}
      propertyPath: m_LocalEulerAnglesHint.y
      value: 0
      objectReference: {fileID: 0}
    - target: {fileID: 8545499447711314175, guid: d74b5f757b6fe224db2aaea856c2f512,
        type: 3}
      propertyPath: m_LocalEulerAnglesHint.z
      value: 0
      objectReference: {fileID: 0}
    m_RemovedComponents: []
  m_SourcePrefab: {fileID: 100100000, guid: d74b5f757b6fe224db2aaea856c2f512, type: 3}
--- !u!1001 &1816273283
PrefabInstance:
  m_ObjectHideFlags: 0
  serializedVersion: 2
  m_Modification:
    m_TransformParent: {fileID: 0}
    m_Modifications:
    - target: {fileID: 5098713540403878685, guid: cc369e39a45ee5a479226f1434a6b9ce,
        type: 3}
      propertyPath: m_Name
      value: Robot
      objectReference: {fileID: 0}
    - target: {fileID: 5098713540403878687, guid: cc369e39a45ee5a479226f1434a6b9ce,
        type: 3}
      propertyPath: m_LocalPosition.x
      value: -16.75
      objectReference: {fileID: 0}
    - target: {fileID: 5098713540403878687, guid: cc369e39a45ee5a479226f1434a6b9ce,
        type: 3}
      propertyPath: m_LocalPosition.y
      value: 0
      objectReference: {fileID: 0}
    - target: {fileID: 5098713540403878687, guid: cc369e39a45ee5a479226f1434a6b9ce,
        type: 3}
      propertyPath: m_LocalPosition.z
      value: 9.4
      objectReference: {fileID: 0}
    - target: {fileID: 5098713540403878687, guid: cc369e39a45ee5a479226f1434a6b9ce,
        type: 3}
      propertyPath: m_LocalRotation.x
      value: 0
      objectReference: {fileID: 0}
    - target: {fileID: 5098713540403878687, guid: cc369e39a45ee5a479226f1434a6b9ce,
        type: 3}
      propertyPath: m_LocalRotation.y
      value: 0.7071068
      objectReference: {fileID: 0}
    - target: {fileID: 5098713540403878687, guid: cc369e39a45ee5a479226f1434a6b9ce,
        type: 3}
      propertyPath: m_LocalRotation.z
      value: 0
      objectReference: {fileID: 0}
    - target: {fileID: 5098713540403878687, guid: cc369e39a45ee5a479226f1434a6b9ce,
        type: 3}
      propertyPath: m_LocalRotation.w
      value: 0.7071068
      objectReference: {fileID: 0}
    - target: {fileID: 5098713540403878687, guid: cc369e39a45ee5a479226f1434a6b9ce,
        type: 3}
      propertyPath: m_RootOrder
      value: 1
      objectReference: {fileID: 0}
    - target: {fileID: 5098713540403878687, guid: cc369e39a45ee5a479226f1434a6b9ce,
        type: 3}
      propertyPath: m_LocalEulerAnglesHint.x
      value: 0
      objectReference: {fileID: 0}
    - target: {fileID: 5098713540403878687, guid: cc369e39a45ee5a479226f1434a6b9ce,
        type: 3}
      propertyPath: m_LocalEulerAnglesHint.y
      value: 90
      objectReference: {fileID: 0}
    - target: {fileID: 5098713540403878687, guid: cc369e39a45ee5a479226f1434a6b9ce,
        type: 3}
      propertyPath: m_LocalEulerAnglesHint.z
      value: 0
      objectReference: {fileID: 0}
    m_RemovedComponents: []
  m_SourcePrefab: {fileID: 100100000, guid: cc369e39a45ee5a479226f1434a6b9ce, type: 3}
--- !u!1001 &1898443022
PrefabInstance:
  m_ObjectHideFlags: 0
  serializedVersion: 2
  m_Modification:
    m_TransformParent: {fileID: 0}
    m_Modifications:
    - target: {fileID: 4519541146279962617, guid: e10181ec915b1864d930872734d88b59,
        type: 3}
      propertyPath: m_LocalPosition.x
      value: 0
      objectReference: {fileID: 0}
    - target: {fileID: 4519541146279962617, guid: e10181ec915b1864d930872734d88b59,
        type: 3}
      propertyPath: m_LocalPosition.y
      value: 0
      objectReference: {fileID: 0}
    - target: {fileID: 4519541146279962617, guid: e10181ec915b1864d930872734d88b59,
        type: 3}
      propertyPath: m_LocalPosition.z
      value: 0
      objectReference: {fileID: 0}
    - target: {fileID: 4519541146279962617, guid: e10181ec915b1864d930872734d88b59,
        type: 3}
      propertyPath: m_LocalRotation.x
      value: 0
      objectReference: {fileID: 0}
    - target: {fileID: 4519541146279962617, guid: e10181ec915b1864d930872734d88b59,
        type: 3}
      propertyPath: m_LocalRotation.y
      value: 0
      objectReference: {fileID: 0}
    - target: {fileID: 4519541146279962617, guid: e10181ec915b1864d930872734d88b59,
        type: 3}
      propertyPath: m_LocalRotation.z
      value: 0
      objectReference: {fileID: 0}
    - target: {fileID: 4519541146279962617, guid: e10181ec915b1864d930872734d88b59,
        type: 3}
      propertyPath: m_LocalRotation.w
      value: 1
      objectReference: {fileID: 0}
    - target: {fileID: 4519541146279962617, guid: e10181ec915b1864d930872734d88b59,
        type: 3}
      propertyPath: m_RootOrder
      value: 10
      objectReference: {fileID: 0}
    - target: {fileID: 4519541146279962617, guid: e10181ec915b1864d930872734d88b59,
        type: 3}
      propertyPath: m_LocalEulerAnglesHint.x
      value: 0
      objectReference: {fileID: 0}
    - target: {fileID: 4519541146279962617, guid: e10181ec915b1864d930872734d88b59,
        type: 3}
      propertyPath: m_LocalEulerAnglesHint.y
      value: 0
      objectReference: {fileID: 0}
    - target: {fileID: 4519541146279962617, guid: e10181ec915b1864d930872734d88b59,
        type: 3}
      propertyPath: m_LocalEulerAnglesHint.z
      value: 0
      objectReference: {fileID: 0}
    - target: {fileID: 4519541146279962622, guid: e10181ec915b1864d930872734d88b59,
        type: 3}
      propertyPath: m_Name
      value: Throw Machine
      objectReference: {fileID: 0}
    - target: {fileID: 4830961529200638862, guid: e10181ec915b1864d930872734d88b59,
        type: 3}
      propertyPath: stoneAmount
      value: 3
      objectReference: {fileID: 0}
    m_RemovedComponents: []
  m_SourcePrefab: {fileID: 100100000, guid: e10181ec915b1864d930872734d88b59, type: 3}
--- !u!1001 &1941010326
PrefabInstance:
  m_ObjectHideFlags: 0
  serializedVersion: 2
  m_Modification:
    m_TransformParent: {fileID: 0}
    m_Modifications:
    - target: {fileID: 6117820614103938686, guid: 615b6557d8f1ec84080a924ad04fdc7f,
        type: 3}
      propertyPath: m_Name
      value: WallGroup
      objectReference: {fileID: 0}
    - target: {fileID: 6998883404505289778, guid: 615b6557d8f1ec84080a924ad04fdc7f,
        type: 3}
      propertyPath: m_LocalPosition.x
      value: -9.8428
      objectReference: {fileID: 0}
    - target: {fileID: 6998883404505289778, guid: 615b6557d8f1ec84080a924ad04fdc7f,
        type: 3}
      propertyPath: m_LocalPosition.y
      value: 12.43
      objectReference: {fileID: 0}
    - target: {fileID: 6998883404505289778, guid: 615b6557d8f1ec84080a924ad04fdc7f,
        type: 3}
      propertyPath: m_LocalPosition.z
      value: 1.7503
      objectReference: {fileID: 0}
    - target: {fileID: 6998883404505289778, guid: 615b6557d8f1ec84080a924ad04fdc7f,
        type: 3}
      propertyPath: m_LocalRotation.x
      value: 0
      objectReference: {fileID: 0}
    - target: {fileID: 6998883404505289778, guid: 615b6557d8f1ec84080a924ad04fdc7f,
        type: 3}
      propertyPath: m_LocalRotation.y
      value: 0
      objectReference: {fileID: 0}
    - target: {fileID: 6998883404505289778, guid: 615b6557d8f1ec84080a924ad04fdc7f,
        type: 3}
      propertyPath: m_LocalRotation.z
      value: 0
      objectReference: {fileID: 0}
    - target: {fileID: 6998883404505289778, guid: 615b6557d8f1ec84080a924ad04fdc7f,
        type: 3}
      propertyPath: m_LocalRotation.w
      value: 1
      objectReference: {fileID: 0}
    - target: {fileID: 6998883404505289778, guid: 615b6557d8f1ec84080a924ad04fdc7f,
        type: 3}
      propertyPath: m_RootOrder
      value: 9
      objectReference: {fileID: 0}
    - target: {fileID: 6998883404505289778, guid: 615b6557d8f1ec84080a924ad04fdc7f,
        type: 3}
      propertyPath: m_LocalEulerAnglesHint.x
      value: 0
      objectReference: {fileID: 0}
    - target: {fileID: 6998883404505289778, guid: 615b6557d8f1ec84080a924ad04fdc7f,
        type: 3}
      propertyPath: m_LocalEulerAnglesHint.y
      value: 0
      objectReference: {fileID: 0}
    - target: {fileID: 6998883404505289778, guid: 615b6557d8f1ec84080a924ad04fdc7f,
        type: 3}
      propertyPath: m_LocalEulerAnglesHint.z
      value: 0
      objectReference: {fileID: 0}
    m_RemovedComponents: []
  m_SourcePrefab: {fileID: 100100000, guid: 615b6557d8f1ec84080a924ad04fdc7f, type: 3}
--- !u!1 &2032441058
GameObject:
  m_ObjectHideFlags: 0
  m_CorrespondingSourceObject: {fileID: 0}
  m_PrefabInstance: {fileID: 184175816}
  m_PrefabAsset: {fileID: 0}
  serializedVersion: 6
  m_Component:
  - component: {fileID: 2032441059}
  m_Layer: 0
  m_Name: picture6 (Missing Prefab)
  m_TagString: Untagged
  m_Icon: {fileID: 0}
  m_NavMeshLayer: 0
  m_StaticEditorFlags: 0
  m_IsActive: 1
--- !u!4 &2032441059
Transform:
  m_ObjectHideFlags: 0
  m_CorrespondingSourceObject: {fileID: 0}
  m_PrefabInstance: {fileID: 184175816}
  m_PrefabAsset: {fileID: 0}
  m_GameObject: {fileID: 2032441058}
  m_LocalRotation: {x: 0, y: 0, z: 0, w: 1}
  m_LocalPosition: {x: 0, y: 0, z: 0}
  m_LocalScale: {x: 1, y: 1, z: 1}
  m_Children: []
  m_Father: {fileID: 124955032}
  m_RootOrder: 0
  m_LocalEulerAnglesHint: {x: 0, y: 0, z: 0}
--- !u!1001 &2081424632
PrefabInstance:
  m_ObjectHideFlags: 0
  serializedVersion: 2
  m_Modification:
    m_TransformParent: {fileID: 0}
    m_Modifications:
    - target: {fileID: 4919918841772766201, guid: cc2cce5e684fc39469567938844a585b,
        type: 3}
      propertyPath: m_Name
      value: bomb (1)
      objectReference: {fileID: 0}
    - target: {fileID: 8222528135632716266, guid: cc2cce5e684fc39469567938844a585b,
        type: 3}
      propertyPath: m_LocalPosition.x
      value: -1.25
      objectReference: {fileID: 0}
    - target: {fileID: 8222528135632716266, guid: cc2cce5e684fc39469567938844a585b,
        type: 3}
      propertyPath: m_LocalPosition.y
      value: -0
      objectReference: {fileID: 0}
    - target: {fileID: 8222528135632716266, guid: cc2cce5e684fc39469567938844a585b,
        type: 3}
      propertyPath: m_LocalPosition.z
      value: 10
      objectReference: {fileID: 0}
    - target: {fileID: 8222528135632716266, guid: cc2cce5e684fc39469567938844a585b,
        type: 3}
      propertyPath: m_LocalRotation.x
      value: -0.7071068
      objectReference: {fileID: 0}
    - target: {fileID: 8222528135632716266, guid: cc2cce5e684fc39469567938844a585b,
        type: 3}
      propertyPath: m_LocalRotation.y
      value: -0
      objectReference: {fileID: 0}
    - target: {fileID: 8222528135632716266, guid: cc2cce5e684fc39469567938844a585b,
        type: 3}
      propertyPath: m_LocalRotation.z
      value: -0
      objectReference: {fileID: 0}
    - target: {fileID: 8222528135632716266, guid: cc2cce5e684fc39469567938844a585b,
        type: 3}
      propertyPath: m_LocalRotation.w
      value: 0.7071067
      objectReference: {fileID: 0}
    - target: {fileID: 8222528135632716266, guid: cc2cce5e684fc39469567938844a585b,
        type: 3}
      propertyPath: m_RootOrder
      value: 12
      objectReference: {fileID: 0}
    - target: {fileID: 8222528135632716266, guid: cc2cce5e684fc39469567938844a585b,
        type: 3}
      propertyPath: m_LocalEulerAnglesHint.x
      value: 0
      objectReference: {fileID: 0}
    - target: {fileID: 8222528135632716266, guid: cc2cce5e684fc39469567938844a585b,
        type: 3}
      propertyPath: m_LocalEulerAnglesHint.y
      value: 0
      objectReference: {fileID: 0}
    - target: {fileID: 8222528135632716266, guid: cc2cce5e684fc39469567938844a585b,
        type: 3}
      propertyPath: m_LocalEulerAnglesHint.z
      value: 0
      objectReference: {fileID: 0}
    m_RemovedComponents: []
  m_SourcePrefab: {fileID: 100100000, guid: cc2cce5e684fc39469567938844a585b, type: 3}
--- !u!1001 &2088767852
PrefabInstance:
  m_ObjectHideFlags: 0
  serializedVersion: 2
  m_Modification:
    m_TransformParent: {fileID: 0}
    m_Modifications:
    - target: {fileID: 5553918071548286995, guid: edb71a2a44838294f8aa1886094fd227,
        type: 3}
      propertyPath: m_Name
      value: beware
      objectReference: {fileID: 0}
    - target: {fileID: 8883388574114048512, guid: edb71a2a44838294f8aa1886094fd227,
        type: 3}
      propertyPath: m_LocalPosition.x
      value: -10.55
      objectReference: {fileID: 0}
    - target: {fileID: 8883388574114048512, guid: edb71a2a44838294f8aa1886094fd227,
        type: 3}
      propertyPath: m_LocalPosition.y
      value: 0
      objectReference: {fileID: 0}
    - target: {fileID: 8883388574114048512, guid: edb71a2a44838294f8aa1886094fd227,
        type: 3}
      propertyPath: m_LocalPosition.z
      value: 9.5
      objectReference: {fileID: 0}
    - target: {fileID: 8883388574114048512, guid: edb71a2a44838294f8aa1886094fd227,
        type: 3}
      propertyPath: m_LocalRotation.x
      value: -0.23960349
      objectReference: {fileID: 0}
    - target: {fileID: 8883388574114048512, guid: edb71a2a44838294f8aa1886094fd227,
        type: 3}
      propertyPath: m_LocalRotation.y
      value: -0.6652746
      objectReference: {fileID: 0}
    - target: {fileID: 8883388574114048512, guid: edb71a2a44838294f8aa1886094fd227,
        type: 3}
      propertyPath: m_LocalRotation.z
      value: -0.6652745
      objectReference: {fileID: 0}
    - target: {fileID: 8883388574114048512, guid: edb71a2a44838294f8aa1886094fd227,
        type: 3}
      propertyPath: m_LocalRotation.w
      value: 0.23960346
      objectReference: {fileID: 0}
    - target: {fileID: 8883388574114048512, guid: edb71a2a44838294f8aa1886094fd227,
        type: 3}
      propertyPath: m_RootOrder
      value: 2
      objectReference: {fileID: 0}
    - target: {fileID: 8883388574114048512, guid: edb71a2a44838294f8aa1886094fd227,
        type: 3}
      propertyPath: m_LocalEulerAnglesHint.x
      value: -90.00001
      objectReference: {fileID: 0}
    - target: {fileID: 8883388574114048512, guid: edb71a2a44838294f8aa1886094fd227,
        type: 3}
      propertyPath: m_LocalEulerAnglesHint.y
      value: 0
      objectReference: {fileID: 0}
    - target: {fileID: 8883388574114048512, guid: edb71a2a44838294f8aa1886094fd227,
        type: 3}
      propertyPath: m_LocalEulerAnglesHint.z
      value: -140.386
      objectReference: {fileID: 0}
    m_RemovedComponents: []
  m_SourcePrefab: {fileID: 100100000, guid: edb71a2a44838294f8aa1886094fd227, type: 3}
